[Event "Team 45 45 League T39"]
[Site "Internet Chess Club"]
[Date "2008.12.21"]
[Round "9"]
[White "Road-Runner"]
[Black "specialxtr"]
[Result "1/2-1/2"]
[WhiteElo "2317"]
[BlackElo "2431"]
[Opening "QGA, Janowsky-Larsen variation"]
[ECO "D25"]
[Time "10:04:36"]
[TimeControl "2700+45"]

1. d4 d5 2. Nf3 Nf6 3. c4 dxc4 4. e3 Bg4 5. Bxc4 e6 6. Qb3 Bxf3 7. gxf3 b6 8.
Rg1 Qd6 9. f4 g6 10. Bd2 Nbd7 11. Bc3 Bg7 12. Nd2 O-O 13. O-O-O c5 14. Nf3 Qc7
15. Ng5 cxd4 16. exd4 Qxf4+ 17. Kb1 Qxf2 18. Rdf1 Qh4 19. Bxe6 fxe6 20. Qxe6+
Kh8 21. Nf7+ Rxf7 22. Qxf7 Qe4+ 23. Ka1 Qd5 {Game drawn by mutual agreement}
1/2-1/2

[Event "Team 45 45 League T39"]
[Site "Internet Chess Club"]
[Date "2008.12.22"]
[Round "9"]
[White "freestyle"]
[Black "Petrozjan"]
[Result "1/2-1/2"]
[WhiteElo "2252"]
[BlackElo "2211"]
[Opening "French: Paulsen variation"]
[ECO "C10"]
[Time "14:00:29"]
[TimeControl "2700+45"]

1. e4 e6 2. d4 d5 3. Nc3 Nc6 4. Nf3 Nf6 5. e5 Ne4 6. Ne2 f6 7. Ng3 fxe5 8. dxe5
Bd7 9. Bd3 Nc5 10. Be2 Be7 11. O-O O-O 12. Be3 Be8 13. c4 Bg6 14. Rc1 Rxf3 15.
Bxc5 Rf4 16. cxd5 exd5 17. Qd2 Rf8 18. f4 Bxc5+ 19. Rxc5 Bf7 20. Bb5 Nb8 21. Re1
c6 22. e6 Bxe6 23. Rxe6 Qb6 24. Qe3 Nd7 25. Rxd5 Qxe3+ 26. Rxe3 Nf6 27. Bxc6
bxc6 28. Rd4 Nd5 29. Ree4 Rab8 30. b3 a5 31. Ne2 Rf6 32. Ra4 Rb4 33. Rexb4 axb4
34. g3 h6 35. Ra6 g5 36. Kg2 Kg7 37. Kf3 Kg6 38. Nd4 gxf4 39. Rxc6 fxg3+ 40.
Kxg3 Nc3 41. Rc4 Nxa2 42. Nc6 Rf1 43. Nxb4 Nc1 44. Nd5 Nxb3 45. Rc6+ Kg7 46. Nf4
Nd2 47. Rc7+ {Game drawn by mutual agreement} 1/2-1/2

[Event "Team 45 45 League T39"]
[Site "Internet Chess Club"]
[Date "2008.12.20"]
[Round "9"]
[White "KarloTurk"]
[Black "fllinc"]
[Result "0-1"]
[WhiteElo "2036"]
[BlackElo "2039"]
[Opening "Trompowsky attack (Ruth, Opocenský opening)"]
[ECO "A45"]
[Time "13:48:37"]
[TimeControl "2700+45"]

1. d4 Nf6 2. Bg5 Ne4 3. Bf4 d5 4. f3 Nf6 5. e3 Bf5 6. Bd3 Bg6 7. Ne2 e6 8. O-O
c5 9. c4 Nc6 10. Bxg6 hxg6 11. Nd2 cxd4 12. exd4 dxc4 13. Nxc4 Nd5 14. Bd2 Qh4
15. Bc3 Qxh2+ 16. Kf2 Be7 17. Rg1 Bh4+ 18. Kf1 b5 19. Bd2 bxc4 20. Qa4 Qd6 21.
Qxc4 Nb6 22. Qc3 Bf6 23. Bf4 Qd5 24. Be3 Nc4 25. Bf2 O-O 26. Rc1 N4a5 27. b4
Rac8 28. bxa5 Qxa2 29. Ra1 Qd5 30. Qe3 Rfd8 31. Rh1 Nxd4 32. Rd1 Nc2 33. Rxd5
Nxe3+ 34. Bxe3 Rxd5 35. Bxa7 Rxa5 36. Bf2 Ra1+ 37. Be1 Bc3 38. Kf2 Bxe1+ 39.
Rxe1 Rxe1 40. Kxe1 f5 41. Kf2 Kf7 42. Nf4 Kf6 43. g4 g5 44. Nh5+ Kg6 45. Ng3
Rc2+ 46. Ke3 f4+ {White resigns} 0-1

[Event "Team 45 45 League T39"]
[Site "Internet Chess Club"]
[Date "2008.12.17"]
[Round "9"]
[White "BenBoiss"]
[Black "adh2050"]
[Result "1/2-1/2"]
[WhiteElo "1862"]
[BlackElo "2156"]
[Opening "Bogo-Indian defense, Nimzovich variation"]
[ECO "E11"]
[Time "22:26:52"]
[TimeControl "2700+45"]

1. d4 Nf6 2. c4 e6 3. Nf3 Bb4+ 4. Bd2 Qe7 5. Nc3 Nc6 6. e3 O-O 7. Bd3 e5 8. dxe5
Nxe5 9. Nxe5 Qxe5 10. a3 Bc5 11. b4 Bd4 12. Rc1 d6 13. Qc2 Bb6 14. Ne2 c6 15.
Bc3 Qg5 16. Bxf6 Qxf6 17. Bxh7+ Kh8 18. Bd3 a5 19. b5 Bd7 20. O-O Bc5 21. Qc3
Qxc3 22. Rxc3 g6 23. Nf4 g5 24. Nh5 f5 25. Re1 Rae8 26. Kf1 Re7 27. Ng3 f4 28.
exf4 Rxe1+ 29. Kxe1 Rxf4 30. Ne4 Bd4 31. Rc2 Bf5 32. Re2 Bxe4 33. Bxe4 Bxf2+ 34.
Kd2 Bc5 35. g3 Rf1 36. bxc6 bxc6 37. a4 Bb4+ 38. Ke3 Rc1 39. Rc2 Rxc2 40. Bxc2
Kg7 41. Be4 c5 42. Bf3 Kf6 43. Ke4 Bc3 44. Kd5 {Game drawn by mutual agreement}
1/2-1/2

[Event "Team 45 45 League T39"]
[Site "Internet Chess Club"]
[Date "2008.12.21"]
[Round "9"]
[White "vaknight"]
[Black "GolfSuper"]
[Result "1-0"]
[WhiteElo "1638"]
[BlackElo "1542"]
[Opening "Sicilian: closed"]
[ECO "B23"]
[Time "20:00:32"]
[TimeControl "2700+45"]

1. e4 c5 2. Nc3 e6 3. f4 Nc6 4. Nf3 d6 5. a3 Nf6 6. Bb5 a6 7. Bxc6+ bxc6 8. d3
Be7 9. O-O Rb8 10. Rb1 a5 11. Bd2 Qc7 12. Qe1 Ra8 13. e5 dxe5 14. Nxe5 O-O 15.
Nd1 Bd6 16. Nc4 a4 17. Nxd6 Qxd6 18. Ne3 Ba6 19. Bc3 Nd5 20. Be5 Qe7 21. Nc4
Bxc4 22. dxc4 Nf6 23. Qg3 Rad8 24. Rbd1 Rxd1 25. Rxd1 Rd8 26. Rd3 Ne8 27. Qf3
Rc8 28. Qd1 Nf6 29. Bd6 Qe8 30. Bxc5 h6 31. b4 axb3 32. cxb3 Ne4 33. Be3 c5 34.
Bc1 Qc6 35. Bb2 Qc7 36. Qg4 f5 37. Qd1 Qxf4 38. Qe2 Qc7 39. g3 Qf7 40. Qd1 Qb7
41. Rd7 Qa8 42. Rxg7+ Kf8 43. Qd7 {Black resigns} 1-0

[Event "Team 45 45 League T39"]
[Site "Internet Chess Club"]
[Date "2008.12.20"]
[Round "9"]
[White "curtintime"]
[Black "SeniorCitizen"]
[Result "0-1"]
[WhiteElo "1304"]
[BlackElo "1403"]
[Opening "Sicilian: Taimanov variation"]
[ECO "B45"]
[Time "16:00:13"]
[TimeControl "2700+45"]

1. e4 c5 2. Nf3 Nc6 3. d4 cxd4 4. Nxd4 e6 5. Nc3 Nge7 6. Be3 g6 7. Be2 Bg7 8.
Qd2 O-O 9. Ndb5 d5 10. exd5 Nxd5 11. Bh6 a6 12. Bxg7 Kxg7 13. Nd4 Nxd4 14. Qxd4+
Qf6 15. Qxf6+ Kxf6 16. Nxd5+ exd5 17. O-O-O Be6 18. Bf3 Rad8 19. Rd2 Rd7 20.
Rhd1 Rfd8 21. b3 b6 22. Rd3 a5 23. Rc3 d4 24. Rc6 Rd6 25. Rxd6 Rxd6 26. Kb2 Ke7
27. Ka3 Kd7 28. h3 Bf5 29. Rd2 Kc7 30. g4 Be6 31. Kb2 Bd7 32. Be4 Bc6 33. Bxc6
Kxc6 34. c3 dxc3+ 35. Kxc3 Rxd2 36. Kxd2 Kd5 37. Kd3 g5 38. a3 b5 39. f3 f6 40.
Ke3 Ke5 41. Kd3 Kd5 42. Ke2 Kd4 43. Kd2 b4 44. axb4 axb4 45. Kd1 Kc3 46. Kc1
Kxb3 47. Kb1 Kc3 48. Kc1 Kd3 {White resigns} 0-1

[Event "Team 45 45 League T39"]
[Site "Internet Chess Club"]
[Date "2008.12.20"]
[Round "9"]
[White "gaboonzoom"]
[Black "BosqueVerde"]
[Result "1/2-1/2"]
[WhiteElo "1499"]
[BlackElo "1270"]
[Opening "Ruy Lopez: Berlin defense, 4.O-O"]
[ECO "C65"]
[Time "12:04:46"]
[TimeControl "2700+45"]

1. e4 e5 2. Nf3 Nc6 3. Bb5 Nf6 4. O-O Be7 5. Re1 O-O 6. c3 d5 7. exd5 Qxd5 8.
Bxc6 Qxc6 9. Nxe5 Qa6 10. d4 Be6 11. Bg5 Rad8 12. Nd2 h6 13. Bh4 Rfe8 14. Ndf3
c5 15. Qc2 cxd4 16. Nxd4 Bd5 17. a3 Bc5 18. b4 Bxd4 19. cxd4 b5 20. Qd3 Bc4 21.
Qc3 Nd5 22. Qf3 Nf6 23. Bxf6 Qxf6 24. Qxf6 gxf6 25. Ng4 Kg7 26. Rxe8 Rxe8 27. f3
Re2 28. a4 a6 29. axb5 axb5 30. Ra6 Be6 31. Rb6 h5 32. Kf1 Rd2 33. Ne3 Rxd4 34.
Rxb5 Kg6 35. Nc2 Rd2 36. Rc5 Rd1+ 37. Ke2 Rc1 38. b5 Bb3 39. Kd2 Rb1 40. b6 Ba4
41. Ra5 Bxc2 42. Kxc2 Rxb6 43. g4 hxg4 44. fxg4 Re6 45. Kd2 Re5 46. Rxe5 fxe5
47. h4 f5 48. g5 Kh5 49. Ke3 Kg6 50. Kf3 Kh5 51. Ke3 {Game drawn by mutual
agreement} 1/2-1/2